AoeStats
← joosephy

Arabia

507742350Analyzed
4v4 RM · 14d ago on Sep 19, 2026· 38m 26s· 8 players
Game mode
Random Map
Map size
Large (8 player)
Population
200
Speed
Normal
Resources
Standard
Victory
Conquest
Starting age
Dark Age
Ending age
Imperial Age
RankedLock teamsTeams togetherTeam positionsShared explorationLock speedFull tech treeHidden civsTurbo modeCheats
Victory
Defeat
🇭🇰 Tupi · Hong Kong SAR China
1538
+15
🇭🇰 Tatars · Hong Kong SAR China
1518
+16
🇭🇰 Khmer · Hong Kong SAR China
1460
+19
🇭🇰 Franks · Hong Kong SAR China
1290
+25
🇨🇳 Huns · China
1549
-20
🇹🇼 Aztecs · Taiwan
1549
-20
🇲🇽 Berbers · Mexico
1491
-18
🇦🇺 Franks · Australia
1478
-17
EXILE | Ivanistico
7:11 Loom
9:35 Feudal Age
11:04 Horse Collar
22:22 Castle Age
21:20 Bloodlines
21:25 Scale Barding Armor
22:16 Forging
23:17 Gold Mining
24:11 Double-Bit Axe
25:43 Husbandry
25:36 Light Cavalry
29:37 Chain Barding Armor
31:42 Gold Shaft Mining
31:17 Bow Saw
35:02 Wheelbarrow
34:13 Town Watch
35:16 Iron Casting
ResonanceFreq
7:28 Loom
9:24 Feudal Age
10:37 Double-Bit Axe
20:01 Castle Age
18:36 Gold Mining
19:18 Scale Barding Armor
19:39 Forging
20:55 Husbandry
21:24 Light Cavalry
25:01 Chain Barding Armor
27:28 Bow Saw
29:07 Wheelbarrow
31:57 Gold Shaft Mining
34:15 Fletching
SAVIOR
7:23 Loom
7:26 Loom
9:51 Feudal Age
14:48 Fletching
16:48 Double-Bit Axe
17:45 Horse Collar
22:40 Castle Age
21:28 Padded Archer Armor
22:49 Crossbowman
23:25 Bodkin Arrow
25:56 Ballistics
28:06 Wheelbarrow
31:13 Leather Archer Armor
31:37 Thumb Ring
37:09 Hand Cart
40:56 Imperial Age
38:15 Town Watch
joosephy
4:27 Loom
9:47 Feudal Age
10:30 Double-Bit Axe
13:45 Wheelbarrow
16:39 Forging
16:22 Fletching
21:13 Castle Age
19:39 Padded Archer Armor
21:46 Town Watch
22:01 Bodkin Arrow
21:29 Crossbowman
26:32 Ballistics
26:48 Leather Archer Armor
31:02 Scale Mail Armor
31:12 Forging
36:43 Imperial Age
34:15 Eagle Warrior
34:41 Gambesons
35:04 Squires
34:53 Arson
36:17 Chain Mail Armor
36:49 Forging
37:30 Hand Cart
37:31 Bracer
lokrix
8:06 Loom
10:22 Feudal Age
11:07 Double-Bit Axe
16:33 Forging
18:38 Wheelbarrow
22:16 Castle Age
20:14 Gold Mining
23:01 Husbandry
23:19 Town Watch
23:57 Scale Barding Armor
24:11 Hand Cart
25:30 Light Cavalry
28:18 Stone Mining
30:31 Bow Saw
31:19 Chain Barding Armor
35:00 Fletching
37:18 Iron Casting
37:43 Bodkin Arrow
40:56 Imperial Age
Grrgrag
6:00 Loom
8:59 Feudal Age
9:29 Double-Bit Axe
15:29 Fletching
19:36 Wheelbarrow
22:46 Castle Age
21:19 Padded Archer Armor
21:31 Horse Collar
21:52 Town Watch
22:07 Gold Mining
23:37 Bow Saw
22:48 Crossbowman
23:35 Bodkin Arrow
28:43 Hand Cart
30:42 Leather Archer Armor
32:47 Ballistics
36:49 Imperial Age
37:35 Bracer
38:36 Chemistry
38:17 Stone Mining
38:50 Heavy Plow
Steven S Lee
9:28 Feudal Age
14:16 Castle Age
19:56 Fletching
24:28 Bodkin Arrow
24:35 Loom
30:19 Padded Archer Armor
34:47 Town Watch
34:52 Double-Bit Axe
34:54 Horse Collar
36:52 Ballistics
38:15 Gold Mining
Fred's real son
6:44 Loom
8:58 Feudal Age
9:27 Double-Bit Axe
10:22 Horse Collar
18:55 Scale Barding Armor
19:01 Bloodlines
23:40 Castle Age
22:24 Forging
22:05 Gold Mining
23:46 Light Cavalry
24:47 Chain Barding Armor
25:05 Iron Casting
24:42 Bow Saw
27:55 Husbandry
28:40 Wheelbarrow
28:31 Heavy Plow
30:08 Gold Shaft Mining
Connection lost

Rejoining the realm…

Still unreachable

The connection could not be restored.

Session expired

The server has moved on; the page needs a fresh start.